 Dungeon Crawl Stone Soup version 0.18.1-48-g4cf74bf (webtiles) character file.

300 Krapule the Skirmisher (level 6, 0/49 HPs)
             Began as a Formicid Abyssal Knight on Aug 12, 2016.
             Was a Priest of Lugonu.
             Succumbed to a worker ant's poison
             ... on level 3 of the Dungeon.
             The game lasted 00:11:06 (3851 turns).

Krapule the Skirmisher (Formicid Abyssal Knight)    Turns: 3851, Time: 00:11:07

Health: 0/49       AC:  5    Str: 18    XL:     6   Next: 64%
Magic:  8/8        EV: 11    Int: 17    God:    Lugonu [***...]
Gold:   153        SH:  0    Dex: 10    Spells: 0 memorised, 5 levels left

rFire  + . .     SeeInvis +     a - +1 falchion
rCold  + . .     Gourm    +     f - +0 ring mail
rNeg   . . .     Faith    .     (no shield)
rPois  +         Spirit   .     (helmet unavailable)
rElec  +         Dismiss  .     (no cloak)
rCorr  +         Reflect  .     (no gloves)
SustAt .         Harm     .     (no boots)
MR     .....                    u - amulet of the gourmand
Stlth  ++........               (no ring)
                                l - ring of stealth

@: brilliant, lethally poisoned (0 -> -2), resistant, not resistant to hostile
enchantments, unstealthy
A: permanent stasis, dig shafts and tunnels, four strong arms, antennae 3
a: Dig, Shaft Self, Depart the Abyss, Bend Space, Banish, Renounce Religion


You were on level 3 of the Dungeon.
You worshipped Lugonu.
Lugonu was most pleased with you.
You were full.

You visited 1 branch of the dungeon, and saw 4 of its levels.
You visited the Abyss 1 time.

You collected 153 gold pieces.

Inventory:

Hand Weapons
 a - a +1 falchion (weapon)
Armour
 b - a +0 leather armour
 f - a +0 ring mail (worn)
Jewellery
 l - a ring of stealth (left hand)
 r - an uncursed ring of fire
 u - an amulet of the gourmand (around neck)
Wands
 q - a wand of digging (8/24)
Scrolls
 g - a scroll of blinking {unknown}
 i - a scroll of fear {unknown}
 k - a scroll of amnesia {unknown}
 n - a scroll of identify
 p - a scroll of recharging {unknown}
 v - 2 scrolls of teleportation {unknown}
Potions
 e - a potion of invisibility
 h - a potion of flight
 j - a potion of resistance
 w - a potion of heal wounds {unknown}
Comestibles
 c - a bread ration
 d - a slice of pizza
 m - 3 meat rations


   Skills:
 + Level 4.3 Fighting
 + Level 3.2 Long Blades
 + Level 3.5 Armour
 + Level 1.9 Dodging
 + Level 2.9 Stealth
 + Level 3.8 Invocations


You had 5 spell levels left.
You didn't know any spells.

Dungeon Overview and Level Annotations

Branches:
Dungeon (4/15)
 Temple: D:4-7

Altars:
Ashenzari
Elyvilon
Okawaru
Ru
Zin


Innate Abilities, Weirdness & Mutations

You are under a permanent stasis effect.
You can dig through walls and to a lower floor.
Your four strong arms can wield two-handed weapons with a shield.
You have a pair of large antennae on your head (SInv).


Message History

The worker ant closely misses you. The worker ant bites you.
* * * LOW HITPOINT WARNING * * *
You are poisoned.
The worker ant poisons you!
You feel sick.
Drink which item? (? for menu, Esc to quit)
It was a potion of brilliance.
You feel clever all of a sudden. The worker ant bites you.
* * * LOW HITPOINT WARNING * * *
* * * LOW HITPOINT WARNING * * *
You feel sick. The worker ant closely misses you.
You barely miss the worker ant.
The worker ant is moderately wounded.
The worker ant bites you but does no damage.
The worker ant barely misses you.
Drink which item? (? for menu, Esc to quit)
It was a potion of magic.
Magic courses through your body.
You die...

#........#. #.######.#. #####
#.#......#. ....# #######
###.####..... ###.# #.....#
#......>.#.#. #.#
##.....########.#.......... #.#
#...............#........#. #.#
#...............#.#........ #.#
#...###...@.....#.#.#####..
#.###...##....a####.#(#.#......
#...'...++.....+......#.#.##..#
#######...##.....###.........)...
#.........##.....+.....#######.#.
#.#######........####............
#......##.(..##.....#....##.##.##
##.....##....##..#..#........#.#.
#.....##....##..#.##..........#.


You could see a worker ant.

Vanquished Creatures
  A scorpion (D:4)
  An orc priest (D:3)
  An orc wizard (D:3)
  5 gnolls
  4 adders
  An adder skeleton (D:4)
  A dart slug (D:3)
  3 giant geckos
  15 orcs
  5 giant cockroaches
  16 goblins
  2 hobgoblins
  5 jackals
  5 bats
  A giant gecko skeleton (D:3)
  3 giant newts
  9 kobolds
  10 rats
88 creatures vanquished.

Notes
Turn   | Place    | Note
--------------------------------------------------------------
     0 | Abyss:1  | Krapule the Formicid Abyssal Knight began the quest for the Orb.
     0 | Abyss:1  | Reached XP level 1. HP: 18/18 MP: 2/2
    93 | Abyss:1  | Found a corrupted altar of Lugonu.
   185 | Abyss:1  | Noticed a worldbinder
   190 | Abyss:1  | Noticed a siren
   194 | Abyss:1  | Noticed a snapping turtle
   194 | D:1      | Escaped the Abyss
   197 | D:1      | Noticed a vine stalker
   197 | D:1      | Noticed a vampire
   199 | D:1      | Noticed a tengu
   201 | D:1      | Noticed an elf
   201 | D:1      | Noticed a gargoyle
   203 | D:1      | Noticed a troll
   203 | D:1      | Noticed a formicid
   205 | D:1      | Noticed an octopode
   207 | D:1      | Noticed a merfolk
   207 | D:1      | Noticed a halfling
   209 | D:1      | Noticed a human
   211 | D:1      | Noticed a demonspawn
   211 | D:1      | Noticed a naga
   213 | D:1      | Noticed a draconian
   215 | D:1      | Noticed an ogre
   215 | D:1      | Noticed a spriggan
   217 | D:1      | Noticed a demigod
   217 | D:1      | Noticed a dwarf
   219 | D:1      | Noticed a centaur
   219 | D:1      | Noticed a minotaur
   225 | D:1      | Noticed a ghoul
   225 | D:1      | Noticed a felid
   393 | D:1      | Reached * piety under Lugonu
   413 | D:1      | Reached skill level 1 in Dodging
   453 | D:1      | Reached XP level 2. HP: 24/24 MP: 3/3
   530 | D:1      | Reached skill level 1 in Stealth
  1020 | D:1      | Reached XP level 3. HP: 29/29 MP: 4/4
  1098 | D:2      | Found an iron altar of Okawaru.
  1289 | D:2      | Found a shattered altar of Ashenzari.
  1561 | D:2      | Reached ** piety under Lugonu
  1691 | D:2      | Reached XP level 4. HP: 36/36 MP: 4/6
  2372 | D:3      | Reached XP level 5. HP: 39/42 MP: 7/7
  2420 | D:3      | Reached *** piety under Lugonu
  2638 | D:3      | Reached skill level 4 in Fighting
  2892 | D:3      | Found a white marble altar of Elyvilon.
  2892 | D:3      | Found a sacrificial altar of Ru.
  2897 | D:3      | Found a glowing silver altar of Zin.
  3120 | D:4      | Reached XP level 6. HP: 48/48 MP: 8/8
  3393 | D:4      | Noticed a phantom
  3822 | D:3      | HP: 1/49 [worker ant (4)]
  3848 | D:3      | HP: 2/49 [worker ant (5)]
  3851 | D:3      | Succumbed to a worker ant's poison

Skill      XL: |  1  2  3  4  5 |
---------------+----------------+-----
Dodging        | 1 |  1.9
Stealth        | 1 2 |  2.9
Invocations    | 3 |  3.8
Fighting       | 4 |  4.3
Armour         | 3 |  3.5
Long Blades    | 3 |  3.2

Action                   |  1- 3 |  4- 6 || total
-------------------------+-------+-------++-------
Melee: Falchion          |   120 |   202 ||   322
Invok: Depart the Abyss  |     1 |       ||     1
  Use: Scroll            |       |     2 ||     2
       Potion            |       |     5 ||     5
 Stab: Sleeping          |     7 |     7 ||    14
  Eat: Chunk             |     3 |    17 ||    20
Armor: Leather armour    |     7 |       ||     7
       Ring mail         |    43 |    64 ||   107
Dodge: Dodged            |    61 |   107 ||   168
